 Dungeon Crawl Stone Soup version 0.29.1-13-g9f3cf754e1 (webtiles) character file.

Game seed: 17013363464565906982

2410 Oxelix the Arsonist (level 9, -5/45 HPs)
             Began as a Deep Elf Fire Elementalist on Jan 31, 2023.
             Was an Initiate of Gozag.
             Killed from afar by an electric eel (14 damage)
             ... with a bolt of electricity
             ... on level 6 of the Dungeon.
             The game lasted 00:15:54 (7520 turns).

Oxelix the Arsonist (Deep Elf Fire Elementalist)    Turns: 7520, Time: 00:15:55

Health: -5/45      AC:  7    Str:  8    XL:     9   Next: 23%
Magic:  19/23      EV: 16    Int: 34    God:    Gozag
Gold:   689        SH:  0    Dex: 13    Spells: 18/25 levels left

rFire   . . .      SeeInvis .   k - staff of conjuration
rCold   . . .      Faith    .   (no shield)
rNeg    . . .      Spirit   .   M - +0 steam dragon scales
rPois   .          Reflect  .   (helmet restricted)
rElec   .          Harm     .   (no cloak)
rCorr   +          Rampage  .   p - +1 pair of gloves
Will    .....                   (no boots)
Stlth   ++........              (no amulet)
HPRegen 0.15/turn               D - +6 ring of intelligence
MPRegen 0.18/turn               K - ring "Keedwei" {rCorr EV+4}

@: no status effects
A: antennae 1, clever 1, strong 1
a: Renounce Religion, Potion Petition, Call Merchant, Bribe Branch


You were on level 6 of the Dungeon.
You worshipped Gozag.
Gozag was pleased with you.
You visited 2 branches of the dungeon, and saw 7 of its levels.

You collected 817 gold pieces.
You paid 128 gold pieces to Gozag.

Inventory:

Missiles
 q - 5 datura-tipped darts
 u - 8 boomerangs
Armour
 p - a +1 pair of gloves (worn)
 H - a +4 ring mail of poison resistance
 M - +0 steam dragon scales (worn)
Magical Staves
 a - a staff of fire
 k - a staff of conjuration (weapon)
 s - a staff of death
Jewellery
 D - a +6 ring of intelligence (left hand)
 K - the ring "Keedwei" (right hand) {rCorr EV+4}
   (You found it on level 5 of the Dungeon)

   [ring of evasion]

   EV:        It affects your evasion (+4).
   rCorr:     It protects you from acid and corrosion.
 L - a ring of poison resistance
Wands
 C - a wand of digging (13)
 F - a wand of charming (9)
 G - a wand of flame (10)
 J - a wand of roots (13)
Scrolls
 c - a scroll of noise {unknown}
 d - a scroll of fear
 f - a scroll of teleportation
 g - a scroll of amnesia {unknown}
 h - 4 scrolls of identify {unknown}
 i - 2 scrolls of poison {unknown}
 j - 4 scrolls of blinking {unknown}
 n - 3 scrolls of enchant armour
 o - a scroll of immolation {unknown}
 t - a scroll of brand weapon {unknown}
 y - 2 scrolls of silence {unknown}
 B - a scroll of butterflies {unknown}
 E - a scroll of enchant weapon {unknown}
Potions
 b - a potion of magic
 e - a potion of haste {unknown}
 l - a potion of invisibility {unknown}
 m - a potion of mutation
 r - a potion of might {unknown}
 v - a potion of flight {unknown}
 w - 3 potions of brilliance {unknown}
 x - 2 potions of heal wounds {unknown}
 z - a potion of degeneration {unknown}
 A - 2 potions of curing
 I - a potion of attraction {unknown}


   Skills:
 - Level 2.4 Dodging
 - Level 2.4 Stealth
 + Level 8.9 Spellcasting
 + Level 7.0 Conjurations
 + Level 10.0 Fire Magic


You had 18 spell levels left.
You knew the following spells:

 Your Spells              Type           Power      Damage    Failure   Level
a - Foxfire               Conj/Fire      100%       2x1d9     1%          1
b - Scorch                Fire           100%       2d10      1%          2
c - Flame Wave            Conj/Fire      83%        2d18      1%          4

Your spell library contained the following spells:

 Spells                   Type           Power      Damage    Failure   Level
 Conjure Flame            Conj/Fire      83%        6-21      1%          3
 Inner Flame              Hex/Fire       49%        N/A       1%          3
 Sublimation of Blood     Necr           15%        N/A       4%          2
 Irradiate                Conj/Tmut      27%        3d20      21%         5
 Petrify                  Tmut/Erth      15%        N/A       30%         4


Dungeon Overview and Level Annotations

Branches:
Dungeon (6/15)             Temple (1/1) D:5

Altars:
Ashenzari
Dithmenos
Fedhas
Gozag
Makhleb
Nemelex Xobeh
Okawaru
Qazlal
Ru
Sif Muna
Trog
Uskayaw
Wu Jian
Xom
Yredelemnul
Zin
The Shining One


Innate Abilities, Weirdness & Mutations

You have a pair of small antennae on your head.
Your mind is acute. (Int +4, Str/Dex -1)
Your muscles are strong. (Str +4, Int/Dex -1)


Message History

You feel a surge of power!
There is not enough space to conjure foxfire!
Your foxfire dissipates!
Your foxfire dissipates!
You sense a monster nearby.
You now have 689 gold pieces (gained 6).
You see here a +0 trident.
You enter the shallow water.
Moving in this stuff is going to be slow.
You enter the shallow water.
Moving in this stuff is going to be slow.
Found a stone staircase leading up.
You enter the shallow water.
Moving in this stuff is going to be slow.
You enter the shallow water.
Moving in this stuff is going to be slow.
An electric eel comes into view.
You feel a surge of power!
You conjure some foxfire!
You feel a surge of power!
You conjure some foxfire!
You feel a surge of power!
You conjure some foxfire!
You feel a surge of power!
There is not enough space to conjure foxfire!
You feel a surge of power!
You conjure some foxfire!
Your foxfire dissipates!
The electric eel shoots out a bolt of lightning at you!
The bolt of electricity hits the plant.
The plant begins to die.
The bolt of electricity hits your foxfire!
The bolt of electricity hits you! x2
You feel a surge of power!
You conjure some foxfire!
The electric eel shoots out a bolt of lightning at you!
The bolt of electricity hits the plant!
The bolt of electricity hits your foxfire!
The bolt of electricity hits you! The bolt of electricity hits you.
* * * LOW HITPOINT WARNING * * *
Your foxfire dissipates!
A nearby plant withers and dies.
The electric eel shoots out a bolt of lightning at you!
The bolt of electricity hits you!
You die...
Your body crumbles into a pile of gold.

#..).....##########.....#.....[#.
#..#.....#.......##.#.....###....
...#.>..##.##.......###.### ###..
.....####...#.##.##.###.# ###
.......>...#..##.##.....#
..........#.#.##.##.#####
#.#........##.##.##.#
#.......<.###.......# ###....(..#
####@#### ####.....## ##.###
.........# #....# ####.....#
#§##.# # #.....# #§#


PP. #.....# #.P ~P~P ####### #.P ♣♣~P# .S~P ~P# P.PP ~P You could see an
electric eel.

Vanquished Creatures
  Maggie (D:6)
  Sigmund (D:3)
  A water moccasin (D:5)
  An ice beast (D:5)
  A black bear (D:5)
  3 ogres
  2 necrophages (D:5)
  5 scorpions
  A howler monkey (D:6)
  2 electric eels (D:6)
  3 hounds
  2 jellies (D:5)
  A gnoll bouda (D:5)
  4 orc priests
  4 iguanas
  Ijyb (D:5)
  Natasha (D:3)
  5 orc wizards
  6 gnolls
  7 adders
  A shadow imp (D:6)
  An ufetubus (D:4)
  3 worms
  5 dart slugs
  24 orcs
  5 bats
  11 endoplasms
  9 giant cockroaches
  17 goblins
  10 hobgoblins
  11 jackals
  6 kobolds
  3 quokkas
  6 ball pythons
  2 frilled lizards
  7 rats
173 creatures vanquished.

Vanquished Creatures (collateral kills)
  10 foxfires (D:6)
10 creatures vanquished.

Vanquished Creatures (others)
  629 foxfires
  23 plants (D:6)
652 creatures vanquished.

Grand Total: 835 creatures vanquished

Notes
Turn   | Place    | Note
-------+----------+-------------------------------------------
     0 | D:1      | Oxelix the Deep Elf Fire Elementalist began the quest for
                  | the Orb.
     0 | D:1      | Reached XP level 1. HP: 10/10 MP: 6/6
   182 | D:1      | Reached XP level 2. HP: 15/15 MP: 4/8
   609 | D:1      | Reached skill level 4 in Fire Magic
   613 | D:1      | Reached XP level 3. HP: 19/19 MP: 1/10
   616 | D:1      | Learned a level 2 spell: Scorch
  1065 | D:2      | Noticed a scorpion
  1070 | D:2      | Killed a scorpion
  1071 | D:2      | Reached XP level 4. HP: 2/24 MP: 0/12
  1488 | D:2      | Reached skill level 5 in Fire Magic
  1628 | D:2      | Reached XP level 5. HP: 28/28 MP: 8/13
  1919 | D:2      | Found a faded altar of an unknown god.
  2120 | D:3      | Found a glowing silver altar of Zin.
  2309 | D:3      | Noticed Sigmund
  2317 | D:3      | Gained mutation: You have a pair of small antennae on your
                  | head. [potion of mutation]
  2317 | D:3      | Gained mutation: Your muscles are strong. (Str +4, Int/Dex
                  | -1) [potion of mutation]
  2317 | D:3      | Gained mutation: Your mind is acute. (Int +4, Str/Dex -1)
                  | [potion of mutation]
  2776 | D:3      | Killed Sigmund
  2777 | D:3      | Reached skill level 5 in Spellcasting
  2777 | D:3      | Reached XP level 6. HP: 32/32 MP: 8/15
  2787 | D:3      | Learned a level 4 spell: Flame Wave
  2846 | D:3      | Reached skill level 6 in Fire Magic
  3034 | D:3      | Noticed Natasha
  3040 | D:3      | Killed Natasha
  3837 | D:4      | Reached XP level 7. HP: 36/36 MP: 10/17
  4224 | D:4      | Reached skill level 7 in Fire Magic
  4529 | D:5      | Entered Level 5 of the Dungeon
  4603 | D:5      | Found a staircase to the Ecumenical Temple.
  4620 | Temple   | Entered the Ecumenical Temple
  4825 | Temple   | Became a worshipper of Gozag Ym Sagoz the Greedy
  5027 | D:5      | Reached skill level 5 in Conjurations
  5027 | D:5      | Reached XP level 8. HP: 27/41 MP: 11/20
  5038 | D:5      | Reached skill level 8 in Fire Magic
  5257 | D:5      | Noticed Ijyb
  5265 | D:5      | Killed Ijyb
  5546 | D:5      | Identified the ring "Keedwei" {rCorr EV+4}
  5655 | D:5      | Reached skill level 9 in Fire Magic
  6175 | D:6      | Found an iron altar of Okawaru.
  6175 | D:6      | Noticed Maggie
  6311 | D:6      | Killed Maggie
  6312 | D:6      | Reached XP level 9. HP: 15/45 MP: 13/23
  7264 | D:6      | Reached skill level 10 in Fire Magic
  7520 | D:6      | Killed from afar by an electric eel

Illustrated notes

Levels and vault maps discovered:
D:1:      amcnicky_arrival_gap_in_the_tavern_cellar, layout_basic
D:2:      layout_rooms, shapermc_ecumenical_altar_venn, minmay_hexomino_p4
D:3:      minmay_octagon_keep, layout_basic, mainiacjoe_overflow_catwalk,
          kennysheep_nub, dk_noncrumbling_4, minmay_goblin_kobold_house,
          uniq_natasha, uniq_sigmund
D:4:      layout_cave_pools
D:5:      layout_basic, minmay_temple_entry_statues_pillars,
          kennysheep_flooded_box, hangedman_abyss_or_decor_jellyfish_corner,
          grunt_decor_one_mirror, uniq_ijyb
D:6:      layout_loops_cross, lemuel_round_altar, okawaru_metal_pillars_1_2,
          serial_bayou, serial_bayou_ford_a, serial_bayou_pond_a,
          serial_bayou_pond_c, serial_bayou_crossing, uniq_maggie
Temple:   regret_index_temple_waves

Skill      XL: |  1  2  3  4  5  6  7  8  9 |
---------------+----------------------------+-----
Fire Magic     | 4 5 6 7 9 10 | 10.0
Conjurations   | 2 3 4 5 6 7 |  7.0
Spellcasting   | 4 5 6 8 |  8.9
Dodging        | |  2.4
Stealth        | |  2.4

Action                   |  1- 3 |  4- 6 |  7- 9 || total
-------------------------+-------+-------+-------++-------
Melee: Staff             |     5 |    18 |     5 ||    28
 Cast: Foxfire           |    69 |   142 |   171 ||   382
       Scorch            |     7 |     4 |    25 ||    36
       Flame Wave        |       |       |     3 ||     3
  Use: Potion            |       |     2 |       ||     2
       Scroll            |       |     3 |       ||     3
Armor: Robe              |       |     9 |     3 ||    12
Dodge: Dodged            |     2 |    13 |    10 ||    25
